 Dungeon Crawl Stone Soup version 0.29.0-4-gdea44cf6ec (webtiles) character file.

Game seed: 1053663416889657126

501 qw the Chopper (level 7, -2/42 HPs)
             Began as a Tengu Warper on Aug 29, 2022.
             Splashed by a jelly's acid (5 damage)
             ... on level 5 of the Dungeon.
             The game lasted 00:01:28 (4849 turns).

qw the Chopper (Tengu Warper)                       Turns: 4849, Time: 00:01:28

Health: -2/42      AC:  0    Str: 13    XL:     7   Next: 17%
Magic:  11/11      EV:  7    Int: 13    God:
Gold:   48         SH:  0    Dex: 14    Spells: 10/10 levels left

rFire   + . .      SeeInvis .   Y - +0 hand axe
rCold   + . .      Faith    .   (no shield)
rNeg    . . .      Spirit   .   b - +0 chain mail
rPois   .          Reflect  .   (helmet restricted)
rElec   .          Harm     .   (no cloak)
rCorr   .          Rampage  .   (no gloves)
Will    .....                   (boots unavailable)
Stlth   ..........              f - amulet of the acrobat
HPRegen 0.14/turn               h - ring of protection from fire
MPRegen 0.12/turn               g - ring of protection from cold

@: corroded, flying quickly and evasively, quick
A: beak, talons 3, nimble flight
a: no special abilities


You were on level 5 of the Dungeon.
You visited 1 branch of the dungeon, and saw 5 of its levels.

You collected 175 gold pieces.
You spent 127 gold pieces at shops.


Innate Abilities, Weirdness & Mutations

You have a beak for a mouth.
You have claws for feet.
Your magical nature lets you fly swiftly and evasively.


   Skills:
 - Level 3.9 Fighting
 - Level 7.4 Axes
 - Level 1.0 Throwing
 + Level 1.1 Armour
 - Level 2.1 Dodging
 - Level 2.0 Spellcasting
 - Level 2.4 Translocations


You had 10 spell levels left.
You didn't know any spells.
Your spell library contained the following spells:

 Spells                   Type           Power      Damage    Failure   Level
 Blink                    Tloc           14%        N/A       99%         2
 Gell's Gravitas          Tloc           7%         N/A       100%        3
 Lesser Beckoning         Tloc           7%         N/A       100%        3
 Teleport Other           Tloc           7%         N/A       100%        3
 Manifold Assault         Tloc           7%         N/A       100%        5

Inventory:

Hand Weapons
 a - a +0 flail
 Y - a +0 hand axe (weapon)
Missiles
 o - 4 javelins (quivered)
Armour
 b - a +0 chain mail (worn)
Jewellery
 f - an amulet of the acrobat (around neck)
 g - a ring of protection from cold (right hand)
 h - a ring of protection from fire (left hand)
Scrolls
 n - a scroll of identify
 p - a scroll of enchant armour
Potions
 d - a potion of curing
 e - a potion of cancellation
 j - a potion of haste
 l - a potion of mutation {unknown}

Dungeon Overview and Level Annotations

Branches:
Dungeon (5/15)
 Temple: D:4-7

Altars:
Kikubaaqudgha
Qazlal
Wu Jian

Shops:
D:4 *

Annotations:
D:3 3 runed translucent doors, qw's ghost, amateur TeWr


Message History

The orc barely misses you.
You slash the orc!
You kill the orc!
Things that are here:
a +0 dagger; a +0 chain mail A jelly comes into view.
The jelly quivers.
You hit the jelly but do no damage. The acid corrodes you!
Your hands burn!
You claw the jelly. You peck the jelly, but do no damage.
The jelly is lightly wounded.
You hit the jelly but do no damage.
Your hands burn!
The jelly is lightly wounded.
The jelly hits you.
You are splashed with acid!
You completely miss the jelly. You claw the jelly, but do no damage.
The jelly is lightly wounded.
The jelly barely misses you.
You hit the jelly but do no damage.
Your hands burn!
The jelly is lightly wounded.
The jelly hits you but does no damage.
You hit the jelly.
Your hands burn!
You claw the jelly.
The jelly is moderately wounded.
The jelly hits you but does no damage.
You hit the jelly but do no damage.
Your hands burn!
You claw the jelly. You peck the jelly, but do no damage.
The jelly is moderately wounded.
The jelly hits you.
You are splashed with acid.
You hit the jelly but do no damage.
Your hands burn!
The jelly is moderately wounded.
The jelly barely misses you.
4847 ||| DRINKING potion of heal wounds.
You feel much better. The jelly hits you. The acid corrodes you!
You are splashed with acid!
You hit the jelly but do no damage.
Your hands burn!
The jelly is moderately wounded.
The jelly hits you.
You are splashed with acid!
You hit the jelly but do no damage.
Your hands burn!
You claw the jelly, but do no damage.
The jelly is moderately wounded.
The jelly hits you.
You are splashed with acid.
You die...

#.#####.#..>......#
#..............#..#
#####.#<###.#..#.##
# #.# #.#.....# #.#
#.#.##.## #.#
#.#.#...###.# #.#
#...........# #.#
###.#..)##### #.#
#.#.@.# #.. #.#.#J#
#...#... #.#####...
.(. .### ### #


You could see a jelly.

Vanquished Creatures
  A black bear (D:4)
  A vampire bat (D:4)
  An orc priest (D:4)
  A hound (D:4)
  An iguana (D:4)
  2 orc wizards (D:4)
  4 adders
  A gnoll (D:4)
  A worm (D:3)
  4 dart slugs
  3 fire bats (D:4)
  7 orcs
  2 spectral bats (D:4)
  3 bat skeletons (D:4)
  A bat zombie (D:4)
  9 endoplasms
  3 giant cockroaches
  6 goblins
  7 hobgoblins
  6 jackals
  A quokka (D:3)
  8 ball pythons
  15 bats
  A bat simulacrum (D:4)
  9 frilled lizards
  8 kobolds
  4 rats (D:1)
  2 rat zombies (D:4)
112 creatures vanquished.

Notes
Turn   | Place    | Note
-------+----------+-------------------------------------------
     0 | D:1      | qw the Tengu Warper began the quest for the Orb.
     0 | D:1      | Reached XP level 1. HP: 12/12 MP: 4/4
     0 | D:1      | 0 ||| qw: Version: 0.1-a-89-g26bdef1
     0 | D:1      | 0 ||| qw: Game counter: 3489
     0 | D:1      | 0 ||| qw: Always use a shield: true
     0 | D:1      | 0 ||| qw: God list: Okawaru
     0 | D:1      | 0 ||| qw: Allow faded altars: false
     0 | D:1      | 0 ||| qw: Do Orc after D:15 true
     0 | D:1      | 0 ||| qw: Do second Lair branch before Depths: true
     0 | D:1      | 0 ||| qw: Lair rune preference: random
     0 | D:1      | 0 ||| qw: Plans: Normal
     0 | D:1      | 0 ||| PLANNING D:1-11
   216 | D:1      | Reached XP level 2. HP: 12/17 MP: 6/6
   233 | D:1      | Reached skill level 3 in Axes
   454 | D:1      | 454 ||| Stepping ~*~*~tactically~*~*~ (stealth).
   529 | D:1      | 529 ||| Stepping ~*~*~tactically~*~*~ (stealth).
   540 | D:1      | 540 ||| Stepping ~*~*~tactically~*~*~ (stealth).
   602 | D:1      | Found a faded altar of an unknown god.
   621 | D:1      | 621 ||| Stepping ~*~*~tactically~*~*~ (stealth).
   768 | D:1      | Reached XP level 3. HP: 21/21 MP: 7/7
   824 | D:1      | 824 ||| Stepping ~*~*~tactically~*~*~ (stealth).
   825 | D:1      | 825 ||| Stepping ~*~*~tactically~*~*~ (stealth).
   864 | D:1      | Reached skill level 4 in Axes
  1009 | D:1      | 1009 ||| UPGRADING to amulet of the acrobat.
  1014 | D:1      | 1014 ||| UPGRADING to ring of protection from fire.
  1015 | D:1      | 1015 ||| READING scroll labelled MUUSEA XOECWUELOR.
  1020 | D:1      | 1020 ||| DRINKING 2 dark potions.
  1021 | D:1      | 1021 ||| DROPPING scroll of blinking.
  1043 | D:2      | 1043 ||| Stepping ~*~*~tactically~*~*~ (stealth).
  1138 | D:2      | Identified the +11 sling "Uzaol" {freeze, Dex+4}
  1242 | D:2      | 1242 ||| Stepping ~*~*~tactically~*~*~ (stealth).
  1244 | D:2      | 1244 ||| Stepping ~*~*~tactically~*~*~ (stealth).
  1263 | D:2      | 1263 ||| Stepping ~*~*~tactically~*~*~ (stealth).
  1356 | D:2      | 1356 ||| Stepping ~*~*~tactically~*~*~ (hiding).
  1569 | D:2      | 1569 ||| Stepping ~*~*~tactically~*~*~ (stealth).
  1570 | D:2      | 1570 ||| Stepping ~*~*~tactically~*~*~ (stealth).
  1577 | D:2      | Reached XP level 4. HP: 23/26 MP: 8/8
  1580 | D:2      | 1580 ||| FLEEEEING.
  1591 | D:2      | 1591 ||| Stepping ~*~*~tactically~*~*~ (stealth).
  1719 | D:2      | 1719 ||| DROPPING +0 club.
  1850 | D:2      | 1850 ||| UPGRADING to +0 ring mail.
  1860 | D:2      | 1860 ||| DROPPING +0 leather armour.
  1861 | D:2      | 1861 ||| UPGRADING to ring of protection from cold.
  1862 | D:2      | 1862 ||| READING scroll labelled JOISSUNGAH.
  1863 | D:2      | 1863 ||| READING scroll labelled SIOBRE DAQIPP.
  1864 | D:2      | 1864 ||| READING scroll labelled TYELUROAGH.
  1865 | D:2      | 1865 ||| READING 2 scrolls labelled YGIEKO WAUF.
  1866 | D:2      | 1866 ||| DRINKING 2 yellow potions.
  1867 | D:2      | 1867 ||| DRINKING 2 fuming cyan potions.
  1868 | D:2      | 1868 ||| DROPPING potion of attraction.
  2040 | D:3      | Found a runed translucent gate.
  2040 | D:3      | Found a runed translucent gate.
  2040 | D:3      | Found a runed translucent gate.
  2045 | D:3      | 2045 ||| DROPPING +0 whip.
  2215 | D:3      | 2215 ||| Stepping ~*~*~tactically~*~*~ (stealth).
  2230 | D:3      | Reached skill level 5 in Axes
  2360 | D:3      | 2360 ||| Stepping ~*~*~tactically~*~*~ (stealth).
  2361 | D:3      | 2361 ||| Stepping ~*~*~tactically~*~*~ (stealth).
  2559 | D:3      | Noticed qw's ghost (amateur TeWr)
  2637 | D:3      | 2637 ||| Stepping ~*~*~tactically~*~*~ (stealth).
  2639 | D:3      | 2639 ||| Stepping ~*~*~tactically~*~*~ (stealth).
  3052 | D:3      | Found an ornate altar of the Wu Jian Council.
  3096 | D:3      | 3096 ||| READING scroll labelled HITEAZ NYRO.
  3097 | D:3      | 3097 ||| READING scroll labelled BAFODO PUOVOBU.
  3098 | D:3      | 3098 ||| DRINKING 2 amethyst potions.
  3126 | D:4      | Found Yhaisik's Assorted Antiques.
  3128 | D:4      | 3128 ||| STAIRDANCE
  3224 | D:4      | Gained mutation: Your magical nature lets you fly swiftly
                  | and evasively. [Tengu growth]
  3224 | D:4      | Reached XP level 5. HP: 29/30 MP: 9/9
  3232 | D:4      | 3232 ||| BUYING metallic puce potion (23 gold).
  3232 | D:4      | Bought a metallic puce potion for 23 gold pieces
  3232 | D:4      | 3232 ||| SHOPLISTING pair of heavily runed gloves (247
                  | gold, have 111).
  3232 | D:4      | 3232 ||| SHOPLISTING potion of heal wounds (130 gold, have
                  | 111).
  3232 | D:4      | 3232 ||| BUYING scroll labelled ITZOGUWNIN (26 gold).
  3232 | D:4      | Bought a scroll labelled ITZOGUWNIN for 26 gold pieces
  3232 | D:4      | 3232 ||| BUYING scroll of teleportation (78 gold).
  3232 | D:4      | Bought a scroll of teleportation for 78 gold pieces
  3333 | D:4      | Reached skill level 6 in Axes
  3446 | D:4      | Reached XP level 6. HP: 33/35 MP: 10/10
  3557 | D:4      | Reached skill level 7 in Axes
  3614 | D:4      | 3614 ||| Stepping ~*~*~tactically~*~*~ (hiding).
  3616 | D:4      | 3616 ||| Stepping ~*~*~tactically~*~*~ (hiding).
  3632 | D:4      | HP: 7/35 [gnoll/+0 spear[a gnoll bouda] (6)]
  3633 | D:4      | 3633 ||| READING scroll of teleportation.
  3634 | D:4      | 3634 ||| DRINKING potion of heal wounds.
  3636 | D:4      | Found an ancient bone altar of Kikubaaqudgha.
  3817 | D:4      | Found a stormy altar of Qazlal.
  3817 | D:4      | Noticed a water elemental
  3827 | D:4      | Noticed an air elemental
  3827 | D:4      | Noticed a fire elemental
  3904 | D:4      | 3904 ||| READING scroll labelled ITZOGUWNIN.
  3905 | D:4      | 3905 ||| DRINKING 2 murky coppery potions.
  3906 | D:4      | 3906 ||| READING 2 scrolls of identify.
  3906 | D:4      | 3906 ||| IDENTIFYING glowing clear potion
  3907 | D:4      | 3907 ||| DROPPING potion of degeneration.
  3908 | D:4      | 3908 ||| DROPPING potion of flight.
  4248 | D:4      | Noticed a black bear
  4250 | D:4      | 4250 ||| DRINKING 2 potions of curing.
  4250 | D:4      | 4250 ||| (to cure confusion)
  4260 | D:4      | HP: 8/36 [black bear (2)]
  4261 | D:4      | 4261 ||| DRINKING potion of heal wounds.
  4267 | D:4      | Killed a black bear
  4268 | D:4      | Reached skill level 3 in Fighting
  4268 | D:4      | Reached XP level 7. HP: 23/42 MP: 11/11
  4620 | D:4      | 4620 ||| Stepping ~*~*~tactically~*~*~ (hiding).
  4729 | D:4      | 4729 ||| UPGRADING to +0 chain mail.
  4739 | D:4      | 4739 ||| DROPPING +0 ring mail.
  4740 | D:4      | 4740 ||| READING 2 scrolls of identify.
  4740 | D:4      | 4740 ||| IDENTIFYING fizzy pink potion
  4816 | D:5      | Entered Level 5 of the Dungeon
  4830 | D:5      | 4830 ||| Stepping ~*~*~tactically~*~*~ (stealth).
  4846 | D:5      | HP: 6/42 [acid (5)]
  4847 | D:5      | 4847 ||| DRINKING potion of heal wounds.
  4849 | D:5      | Splashed by a jelly's acid

Levels and vault maps discovered:
D:1:      psy_arrival_basics, layout_loops_corners,
          ebering_ecumenical_altar_mist, minmay_lizard_pond
D:2:      layout_basic, nicolae_figureground_sparkle
D:3:      layout_loops_corners, pdpol_wu_jian_five_deadly_venoms,
          gammafunk_ghost_icy
D:4:      layout_basic, lemuel_zombie_altar_kikubaaqudgha,
          nicolae_qazlal_style_of_elements, nicolae_stop_n_shop_1,
          goddamned_bats
D:5:      layout_loops_ring, lemuel_crystal_altar, xom_teletrap_fun,
          ashenzari_altar_1, ebering_ghost_rock_garden

Skill      XL: |  1  2  3  4  5  6 |
---------------+-------------------+-----
Axes           | 3 4 5 6 7 |  7.4
Fighting       | 3 |  3.9
Throwing       | |  1.0
Armour         | |  1.1
Dodging        | |  2.1
Spellcasting   | |  2.0
Translocations | |  2.4

Action                   |  1- 3 |  4- 6 |  7- 9 || total
-------------------------+-------+-------+-------++-------
Melee: Hand axe          |    85 |   165 |    31 ||   281
       Kick              |    17 |    36 |     9 ||    62
       Peck              |    12 |    24 |     7 ||    43
       Punch             |       |       |     1 ||     1
Throw: Boomerang         |     7 |       |       ||     7
       Javelin           |       |    21 |     6 ||    27
  Use: Scroll            |     1 |     9 |     1 ||    11
       Potion            |     1 |     7 |     1 ||     9
Armor: Leather armour    |    17 |     3 |       ||    20
       Ring mail         |       |    80 |     6 ||    86
       Chain mail        |       |       |     2 ||     2
Dodge: Dodged            |    61 |   193 |     6 ||   260

Table legend:
 A = Non-vault XP
 B = Vault XP
 C = Vault XP percentage of total XP
 D = Non-vault monster count
 E = Vault monster count
 F = Vault count percentage of total count
                 A         B        C        D         E       F
            +---------+---------+-------+---------+---------+-------
      Total |     536 |     181 |  25.2 |      84 |      28 |  25.0
            +---------+---------+-------+---------+---------+-------
        D:1 |      41 |       6 |  12.8 |      24 |       6 |  20.0
        D:2 |      56 |       0 |   0.0 |      20 |       0 |   0.0
        D:3 |      52 |       0 |   0.0 |      17 |       0 |   0.0
        D:4 |     384 |     175 |  31.3 |      22 |      22 |  50.0
        D:5 |       3 |       0 |   0.0 |       1 |       0 |   0.0
            +---------+---------+-------+---------+---------+-------
